[ AOE2 MATCH · #507183421 ]
UnrankedMongols vs Cumans
[ REPLAY ANALYSIS · EXTRACTED FROM THE RECORDED GAME ]
Feudal
12:36
Castle
23:06
Imperial
40:39
| APM avg | 32.7 |
| APM peak | 82 |
| eAPM avg | 19.4 |
| Villagers / military | 146 / 139 |
Focus
⚔️ 30.2% · 🌾 69.8%
Mangudai ×123 · Battering Ram ×12 · Mangonel ×4
Feudal
10:09
Castle
21:17
Imperial
31:47
| APM avg | 32.5 |
| APM peak | 64 |
| eAPM avg | 16.6 |
| Villagers / military | 126 / 253 |
Focus
⚔️ 36.8% · 🌾 63.2%
Knight ×152 · Scout Cavalry ×84 · Unknown (1260) ×23 · Trade Cart ×10 · Trebuchet (Packed) ×7 · Mangonel ×5
Feudal
10:06
Castle
24:01
Imperial
43:55
| APM avg | 45.8 |
| APM peak | 84 |
| eAPM avg | 19.1 |
| Villagers / military | 123 / 191 |
Focus
⚔️ 33.0% · 🌾 67.0%
Knight ×179 · Trade Cart ×32 · Scout Cavalry ×12
Feudal
9:11
Castle
21:18
Imperial
40:05
| APM avg | 43.4 |
| APM peak | 94 |
| eAPM avg | 17.1 |
| Villagers / military | 121 / 199 |
Focus
⚔️ 41.6% · 🌾 58.4%
Knight ×163 · Camel Scout ×29 · Trade Cart ×11 · Scout Cavalry ×7
Feudal
10:29
Castle
14:45
Imperial
37:06
| APM avg | 18.1 |
| APM peak | 57 |
| eAPM avg | 12.3 |
| Villagers / military | 130 / 195 |
Focus
⚔️ 22.4% · 🌾 77.6%
Scorpion ×183 · Trade Cart ×24 · Trebuchet (Packed) ×6 · Knight ×4 · Monk ×1 · Scout Cavalry ×1
Feudal
10:14
Castle
26:06
Imperial
50:30
| APM avg | 47.4 |
| APM peak | 88 |
| eAPM avg | 32.2 |
| Villagers / military | 247 / 135 |
Focus
⚔️ 25.8% · 🌾 74.2%
Archer ×77 · Organ Gun ×25 · Skirmisher ×23 · Unknown (1260) ×7 · Monk ×5 · Spearman ×5
Feudal
10:40
Castle
25:06
Imperial
34:32
| APM avg | 49.6 |
| APM peak | 101 |
| eAPM avg | 29.3 |
| Villagers / military | 127 / 308 |
Focus
⚔️ 38.1% · 🌾 61.9%
Spearman ×152 · Militia ×111 · Scorpion ×26 · Mangonel ×12 · Trade Cart ×8 · Trebuchet (Packed) ×6
Feudal
9:29
Castle
23:10
Imperial
35:13
| APM avg | 46.0 |
| APM peak | 93 |
| eAPM avg | 19.0 |
| Villagers / military | 135 / 172 |
Focus
⚔️ 38.3% · 🌾 61.7%
Archer ×88 · Spearman ×40 · Fire Lancer ×25 · Bombard Cannon ×9 · War Wagon ×5 · Iron Pagoda ×3
Match map
Initial resources + every placement click. Lines = walls · curves = elevation contours. ◆ gold · ⬟ stone · ● berries · ✦ relic · ◌ wall gap
Your base· Open — unwalled flank
Dr. House's base· Open — unwalled flank
Nenji's base· Open — unwalled flank
[DM] XD's base· Open — unwalled flank
CTM | Franco*'s base· Open — unwalled flank
smbou's base· Open — unwalled flank
[DM] Oso Tulon's base· Open — unwalled flank
CTM | SUNYQ's base· Open — 14t gap
Smoothed initial terrain · ◌ = detected wall gap · hover for details
Inputs per minute
— PSX | King - - Dr. House
Build order — PSX | King
First 150 of 431 actions detected
| 0:03 | Queue | Villager (Male) |
| 0:04 | Queue | Villager (Male) |
| 0:04 | Queue | Villager (Male) |
| 0:05 | Build | House |
| 0:09 | Build | House |
| 0:23 | Queue | Villager (Male) |
| 1:04 | Research | Loom |
| 1:04 | Queue | Villager (Male) |
| 1:21 | Queue | Villager (Male) |
| 1:44 | Build | House |
| 2:17 | Queue | Villager (Male) |
| 2:20 | Build | Lumber Camp |
| 2:29 | Build | House |
| 2:33 | Queue | Villager (Male) |
| 2:33 | Queue | Villager (Male) |
| 2:49 | Build | Palisade Wall |
| 2:54 | Queue | Villager (Male) |
| 3:32 | Queue | Villager (Male) |
| 3:32 | Queue | Villager (Male) |
| 3:39 | Build | Palisade Wall |
| 3:58 | Build | Palisade Wall |
| 4:20 | Build | Palisade Wall |
| 4:39 | Queue | Villager (Male) |
| 4:52 | Build | Palisade Wall |
| 4:56 | Queue | Villager (Male) |
| 5:28 | Queue | Villager (Male) |
| 5:28 | Queue | Villager (Male) |
| 5:28 | Queue | Villager (Male) |
| 5:32 | Build | Mill |
| 6:08 | Queue | Villager (Male) |
| 6:09 | Queue | Villager (Male) |
| 6:09 | Queue | Villager (Male) |
| 6:17 | Build | Palisade Wall |
| 6:41 | Build | House |
| 6:42 | Build | House |
| 6:55 | Queue | Villager (Male) |
| 7:04 | Build | Palisade Wall |
| 7:16 | Queue | Villager (Male) |
| 7:36 | Queue | Villager (Male) |
| 8:41 | Build | Palisade Wall |
| 8:47 | Build | Palisade Wall |
| 8:52 | Queue | Villager (Male) |
| 8:52 | Queue | Villager (Male) |
| 8:53 | Queue | Villager (Male) |
| 9:20 | Build | Mining Camp |
| 9:32 | Build | Palisade Wall |
| 9:35 | Build | Palisade Wall |
| 9:47 | Build | Palisade Wall |
| 9:48 | Build | Palisade Wall |
| 9:50 | Build | Palisade Wall |
| 9:54 | Build | Palisade Wall |
| 9:56 | Build | Palisade Wall |
| 10:06 | Build | Palisade Wall |
| 10:11 | Build | Palisade Wall |
| 10:13 | Build | Palisade Wall |
| 10:15 | Build | Palisade Wall |
| 10:23 | Queue | Villager (Male) |
| 10:26 | Research | Feudal Age |
| 10:38 | Build | Palisade Wall |
| 10:41 | Build | Palisade Wall |
| 10:59 | Queue | Villager (Male) |
| 12:14 | Build | Palisade Wall |
| 12:36 | Age | Feudal Age |
| 12:43 | Build | Stone Wall |
| 12:53 | Build | Stone Wall |
| 12:54 | Build | Palisade Wall |
| 12:55 | Queue | Villager (Male) |
| 12:56 | Queue | Villager (Male) |
| 13:01 | Build | Palisade Wall |
| 13:22 | Queue | Villager (Male) |
| 13:23 | Queue | Villager (Male) |
| 13:44 | Build | Stone Wall |
| 13:44 | Build | Stone Wall |
| 13:49 | Queue | Villager (Male) |
| 13:55 | Build | Farm |
| 13:57 | Build | Farm |
| 14:00 | Build | Farm |
| 14:00 | Build | Farm |
| 14:02 | Build | Farm |
| 14:03 | Build | Farm |
| 14:05 | Queue | Villager (Male) |
| 14:17 | Build | Stone Wall |
| 14:21 | Build | Stone Wall |
| 14:44 | Build | Mining Camp |
| 14:48 | Build | House |
| 14:53 | Build | Stone Wall |
| 14:55 | Queue | Villager (Male) |
| 14:55 | Queue | Villager (Male) |
| 14:59 | Build | Stone Wall |
| 15:07 | Build | Stone Wall |
| 15:13 | Research | Double-Bit Axe |
| 15:13 | Queue | Villager (Male) |
| 15:18 | Build | Farm |
| 15:34 | Build | Stone Wall |
| 15:57 | Build | Stone Wall |
| 16:03 | Build | Stone Wall |
| 16:04 | Build | Stone Wall |
| 16:07 | Build | Stone Wall |
| 16:12 | Build | Stone Wall |
| 16:26 | Build | Stone Wall |
| 16:27 | Queue | Villager (Male) |
| 16:28 | Queue | Villager (Male) |
| 16:28 | Queue | Villager (Male) |
| 16:28 | Queue | Villager (Male) |
| 16:41 | Build | Stone Wall |
| 16:52 | Queue | Villager (Male) |
| 16:52 | Queue | Villager (Male) |
| 16:56 | Build | Farm |
| 16:57 | Build | Farm |
| 17:20 | Queue | Villager (Male) |
| 17:25 | Build | House |
| 17:38 | Build | Stone Wall |
| 17:44 | Build | Stone Wall |
| 18:15 | Build | Farm |
| 18:16 | Build | Farm |
| 18:18 | Build | Farm |
| 18:19 | Build | Farm |
| 18:51 | Build | Blacksmith |
| 19:31 | Queue | Villager (Male) |
| 19:49 | Build | Market |
| 19:51 | Queue | Villager (Male) |
| 20:26 | Research | Castle Age |
| 20:57 | Build | House |
| 20:59 | Build | House |
| 21:01 | Build | House |
| 21:02 | Research | Horse Collar |
| 21:03 | Research | Gold Mining |
| 21:21 | Research | Stone Mining |
| 23:06 | Queue | Villager (Male) |
| 23:06 | Age | Castle Age |
| 23:08 | Build | Siege Workshop |
| 23:12 | Build | Town Center |
| 23:15 | Research | Bow Saw |
| 23:33 | Build | Stone Wall |
| 23:36 | Build | Stone Wall |
| 23:41 | Queue | Villager (Male) |
| 23:58 | Queue | Mangonel |
| 24:19 | Build | Castle |
| 24:28 | Queue | Villager (Male) |
| 24:28 | Queue | Villager (Male) |
| 24:37 | Queue | Villager (Male) |
| 24:37 | Queue | Villager (Male) |
| 24:47 | Queue | Villager (Male) |
| 24:47 | Queue | Villager (Male) |
| 24:51 | Queue | Mangonel |
| 25:24 | Build | Gate |
| 25:25 | Queue | Villager (Male) |
| 25:33 | Build | Gate |
| 25:36 | Build | Stone Wall |
| 25:41 | Queue | Villager (Male) |
Build order — Dr. House
First 150 of 509 actions detected
| 0:02 | Build | House |
| 0:03 | Build | House |
| 0:04 | Queue | Villager (Male) |
| 0:04 | Queue | Villager (Male) |
| 0:04 | Queue | Villager (Male) |
| 0:04 | Queue | Villager (Male) |
| 1:38 | Queue | Villager (Male) |
| 1:38 | Queue | Villager (Male) |
| 1:50 | Build | Lumber Camp |
| 1:54 | Queue | Villager (Male) |
| 1:54 | Queue | Villager (Male) |
| 2:26 | Queue | Villager (Male) |
| 2:47 | Queue | Villager (Male) |
| 2:48 | Queue | Villager (Male) |
| 3:08 | Build | House |
| 3:17 | Queue | Villager (Male) |
| 3:40 | Queue | Villager (Male) |
| 3:52 | Queue | Villager (Male) |
| 4:34 | Queue | Villager (Male) |
| 4:58 | Queue | Villager (Male) |
| 4:58 | Queue | Villager (Male) |
| 5:11 | Build | House |
| 5:29 | Queue | Villager (Male) |
| 5:29 | Queue | Villager (Male) |
| 5:51 | Queue | Villager (Male) |
| 5:52 | Queue | Villager (Male) |
| 5:57 | Build | Mill |
| 6:11 | Queue | Villager (Male) |
| 6:35 | Queue | Villager (Male) |
| 7:01 | Queue | Villager (Male) |
| 7:58 | Research | Feudal Age |
| 7:59 | Research | Feudal Age |
| 8:11 | Build | House |
| 8:23 | Build | House |
| 8:57 | Queue | Villager (Male) |
| 10:09 | Age | Feudal Age |
| 10:14 | Build | Town Center |
| 10:16 | Research | Double-Bit Axe |
| 10:31 | Research | Loom |
| 10:31 | Research | Loom |
| 10:32 | Queue | Villager (Male) |
| 10:34 | Research | Horse Collar |
| 10:58 | Queue | Villager (Male) |
| 11:01 | Build | House |
| 11:10 | Queue | Villager (Male) |
| 11:24 | Build | Farm |
| 11:39 | Queue | Villager (Male) |
| 11:44 | Queue | Villager (Male) |
| 11:46 | Queue | Villager (Male) |
| 11:48 | Build | Farm |
| 11:50 | Queue | Villager (Male) |
| 12:01 | Queue | Villager (Male) |
| 12:09 | Build | Farm |
| 12:10 | Build | Farm |
| 12:15 | Queue | Villager (Male) |
| 12:38 | Build | Farm |
| 12:43 | Queue | Villager (Male) |
| 13:02 | Build | Barracks |
| 13:12 | Queue | Villager (Male) |
| 13:19 | Queue | Villager (Male) |
| 13:22 | Build | Farm |
| 13:28 | Build | Blacksmith |
| 13:31 | Queue | Villager (Male) |
| 13:33 | Queue | Villager (Male) |
| 13:47 | Build | Farm |
| 13:50 | Build | Farm |
| 13:51 | Queue | Villager (Male) |
| 13:53 | Build | Farm |
| 13:54 | Queue | Villager (Male) |
| 14:15 | Build | Mining Camp |
| 14:20 | Build | Farm |
| 14:22 | Queue | Villager (Male) |
| 14:24 | Build | Farm |
| 14:25 | Queue | Villager (Male) |
| 14:43 | Queue | Villager (Male) |
| 14:47 | Build | Farm |
| 14:51 | Queue | Villager (Male) |
| 14:58 | Build | Market |
| 15:05 | Queue | Villager (Male) |
| 15:08 | Build | Farm |
| 15:10 | Build | House |
| 15:14 | Build | Farm |
| 15:15 | Queue | Villager (Male) |
| 15:23 | Build | House |
| 15:30 | Queue | Villager (Male) |
| 15:34 | Build | Farm |
| 15:38 | Build | Farm |
| 15:42 | Queue | Villager (Male) |
| 15:45 | Queue | Villager (Male) |
| 15:50 | Build | House |
| 16:01 | Build | House |
| 16:04 | Build | Farm |
| 16:09 | Build | Stable |
| 16:14 | Queue | Villager (Male) |
| 16:17 | Build | Farm |
| 16:21 | Queue | Villager (Male) |
| 16:31 | Build | Farm |
| 16:39 | Queue | Villager (Male) |
| 16:40 | Build | Farm |
| 16:43 | Build | Farm |
| 16:46 | Build | Farm |
| 17:01 | Build | Farm |
| 17:02 | Queue | Villager (Male) |
| 17:03 | Queue | Villager (Male) |
| 17:10 | Queue | Villager (Male) |
| 17:13 | Build | Farm |
| 17:23 | Build | Farm |
| 17:41 | Build | Farm |
| 17:45 | Build | Farm |
| 17:46 | Queue | Villager (Male) |
| 17:47 | Queue | Villager (Male) |
| 17:54 | Build | Farm |
| 17:56 | Build | Farm |
| 18:00 | Build | Stable |
| 18:09 | Build | Farm |
| 18:18 | Build | Farm |
| 18:21 | Queue | Villager (Male) |
| 18:30 | Build | Farm |
| 18:37 | Research | Castle Age |
| 18:37 | Research | Castle Age |
| 18:54 | Build | Farm |
| 19:00 | Build | House |
| 19:03 | Research | Wheelbarrow |
| 19:03 | Research | Wheelbarrow |
| 19:11 | Research | Gold Mining |
| 19:41 | Build | Stable |
| 19:48 | Research | Town Watch |
| 19:52 | Research | Forging |
| 19:52 | Research | Forging |
| 19:55 | Queue | Villager (Male) |
| 20:20 | Build | Siege Workshop |
| 20:29 | Queue | Villager (Male) |
| 20:30 | Queue | Villager (Male) |
| 20:41 | Queue | Villager (Male) |
| 20:46 | Build | Farm |
| 20:54 | Build | Lumber Camp |
| 21:02 | Queue | Villager (Male) |
| 21:09 | Research | Scale Barding Armor |
| 21:10 | Research | Scale Barding Armor |
| 21:17 | Age | Castle Age |
| 21:17 | Research | Bloodlines |
| 21:19 | Queue | Knight |
| 21:20 | Queue | Knight |
| 21:26 | Build | Town Center |
| 21:39 | Research | Hand Cart |
| 21:39 | Research | Hand Cart |
| 21:52 | Build | House |
| 21:54 | Queue | Knight |
| 22:00 | Queue | Villager (Male) |
| 22:00 | Queue | Villager (Male) |
Build order — Nenji
First 150 of 407 actions detected
| 0:00 | Queue | Villager (Male) ×4 |
| 0:02 | Build | House |
| 0:04 | Build | House |
| 1:28 | Queue | Villager (Male) |
| 2:00 | Build | Lumber Camp |
| 2:00 | Queue | Villager (Male) |
| 2:14 | Queue | Villager (Male) |
| 2:43 | Build | House |
| 2:46 | Queue | Villager (Male) |
| 3:02 | Queue | Villager (Male) |
| 3:41 | Queue | Villager (Male) |
| 4:02 | Queue | Villager (Male) |
| 4:20 | Build | Mill |
| 4:35 | Queue | Villager (Male) |
| 4:53 | Queue | Villager (Male) |
| 4:53 | Queue | Villager (Male) |
| 5:39 | Queue | Villager (Male) |
| 5:40 | Queue | Villager (Male) |
| 5:56 | Build | House |
| 6:39 | Research | Wheelbarrow |
| 7:39 | Research | Feudal Age |
| 8:32 | Build | Barracks |
| 9:07 | Queue | Villager (Male) |
| 9:08 | Queue | Villager (Male) |
| 9:53 | Research | Double-Bit Axe |
| 9:54 | Research | Horse Collar |
| 10:06 | Age | Feudal Age |
| 10:11 | Build | Stable |
| 11:01 | Queue | Villager (Male) |
| 11:01 | Queue | Villager (Male) |
| 11:02 | Queue | Villager (Male) |
| 11:03 | Research | Bow Saw |
| 11:08 | Build | House |
| 11:09 | Build | House |
| 11:11 | Queue | Scout Cavalry |
| 11:11 | Queue | Scout Cavalry |
| 11:44 | Build | Blacksmith |
| 11:46 | Queue | Villager (Male) |
| 11:49 | Queue | Villager (Male) |
| 12:01 | Research | Horse Collar |
| 12:04 | Build | House |
| 12:25 | Queue | Villager (Male) |
| 12:45 | Build | Farm |
| 12:51 | Research | Scale Barding Armor |
| 12:55 | Queue | Scout Cavalry |
| 13:01 | Build | House |
| 13:04 | Build | Farm |
| 13:08 | Build | Farm |
| 13:23 | Queue | Scout Cavalry |
| 13:38 | Queue | Villager (Male) |
| 13:38 | Queue | Villager (Male) |
| 13:45 | Build | Farm |
| 13:45 | Build | Farm |
| 13:46 | Build | Farm |
| 13:46 | Build | Farm |
| 13:57 | Queue | Scout Cavalry |
| 13:57 | Queue | Scout Cavalry |
| 14:03 | Build | Farm |
| 14:12 | Queue | Villager (Male) |
| 14:56 | Queue | Villager (Male) |
| 14:56 | Queue | Villager (Male) |
| 15:49 | Research | Loom |
| 15:58 | Research | Forging |
| 16:09 | Queue | Villager (Male) |
| 16:11 | Queue | Villager (Male) |
| 16:18 | Build | Farm |
| 16:18 | Build | Farm |
| 16:19 | Build | Farm |
| 16:25 | Build | Farm |
| 16:29 | Build | Farm |
| 16:31 | Build | Farm |
| 16:32 | Build | Farm |
| 16:37 | Build | House |
| 16:38 | Build | House |
| 16:41 | Build | House |
| 16:43 | Build | House |
| 17:04 | Research | Hand Cart |
| 17:11 | Build | Farm |
| 17:11 | Build | Farm |
| 17:11 | Build | Farm |
| 17:16 | Build | Farm |
| 17:49 | Build | Market |
| 17:59 | Queue | Villager (Male) |
| 18:00 | Queue | Villager (Male) |
| 18:27 | Research | Heavy Plow |
| 18:33 | Queue | Scout Cavalry |
| 18:33 | Queue | Scout Cavalry |
| 18:50 | Queue | Villager (Male) |
| 18:51 | Queue | Villager (Male) |
| 18:57 | Build | Farm |
| 19:16 | Build | Mining Camp |
| 19:18 | Queue | Villager (Male) |
| 19:19 | Queue | Villager (Male) |
| 19:20 | Build | House |
| 19:21 | Build | House |
| 19:22 | Build | House |
| 19:33 | Queue | Scout Cavalry |
| 19:33 | Queue | Scout Cavalry |
| 19:46 | Build | Farm |
| 19:49 | Build | Farm |
| 19:51 | Build | Farm |
| 19:52 | Build | Farm |
| 20:27 | Queue | Villager (Male) |
| 20:27 | Queue | Villager (Male) |
| 20:32 | Queue | Scout Cavalry |
| 20:32 | Queue | Scout Cavalry |
| 20:51 | Build | House |
| 20:52 | Build | House |
| 21:12 | Research | Castle Age |
| 21:12 | Research | Castle Age |
| 21:44 | Build | Farm |
| 21:50 | Research | Gold Mining |
| 21:53 | Build | House |
| 21:58 | Build | Stable |
| 22:24 | Build | House |
| 22:54 | Build | House |
| 22:58 | Research | Gold Shaft Mining |
| 23:01 | Queue | Villager (Male) |
| 23:01 | Queue | Villager (Male) |
| 23:08 | Build | Stable |
| 23:34 | Build | House |
| 24:01 | Age | Castle Age |
| 24:01 | Research | Light Cavalry (upgrade) |
| 24:01 | Research | Husbandry |
| 24:04 | Research | Iron Casting |
| 24:04 | Research | Chain Barding Armor |
| 24:18 | Research | Cavalier (upgrade) |
| 24:18 | Research | Cavalier (upgrade) |
| 24:20 | Build | Stable |
| 24:23 | Queue | Villager (Male) |
| 24:40 | Queue | Knight |
| 24:52 | Queue | Knight ×5 |
| 24:53 | Queue | Knight |
| 25:25 | Build | Stable |
| 25:28 | Queue | Knight |
| 25:29 | Queue | Knight |
| 25:29 | Queue | Knight |
| 25:31 | Queue | Villager (Male) |
| 25:31 | Queue | Villager (Male) |
| 25:31 | Queue | Villager (Male) |
| 25:33 | Queue | Villager (Male) |
| 25:43 | Queue | Knight |
| 25:43 | Queue | Knight |
| 26:19 | Queue | Knight |
| 26:19 | Queue | Knight |
| 26:24 | Build | Stable |
| 26:27 | Queue | Villager (Male) |
| 26:27 | Queue | Villager (Male) |
| 27:01 | Queue | Knight |
| 27:01 | Queue | Knight |
Build order — [DM] XD
First 150 of 500 actions detected
| 0:01 | Queue | Villager (Male) |
| 0:01 | Queue | Villager (Male) |
| 0:02 | Build | House |
| 0:03 | Build | House |
| 0:04 | Queue | Villager (Male) |
| 0:13 | Queue | Villager (Male) |
| 0:13 | Queue | Villager (Male) |
| 1:32 | Queue | Villager (Male) |
| 1:32 | Queue | Villager (Male) |
| 2:06 | Queue | Villager (Male) |
| 2:06 | Queue | Villager (Male) |
| 2:08 | Queue | Villager (Male) |
| 2:38 | Queue | Villager (Male) |
| 2:38 | Queue | Villager (Male) |
| 2:40 | Build | Lumber Camp |
| 2:54 | Queue | Villager (Male) |
| 3:11 | Queue | Villager (Male) |
| 3:11 | Queue | Villager (Male) |
| 3:24 | Build | House |
| 3:55 | Queue | Villager (Male) |
| 3:55 | Queue | Villager (Male) |
| 4:33 | Queue | Villager (Male) |
| 4:41 | Build | Mill |
| 4:52 | Queue | Villager (Male) |
| 5:07 | Queue | Villager (Male) |
| 5:28 | Research | Loom |
| 6:16 | Queue | Villager (Male) |
| 7:01 | Research | Feudal Age |
| 7:59 | Build | Barracks |
| 8:19 | Build | House |
| 8:35 | Queue | Villager (Male) |
| 9:11 | Age | Feudal Age |
| 9:19 | Build | Stable |
| 9:29 | Build | Mill |
| 9:36 | Queue | Villager (Male) |
| 9:57 | Queue | Villager (Male) |
| 10:11 | Build | Farm |
| 10:13 | Queue | Scout Cavalry |
| 10:22 | Queue | Scout Cavalry |
| 10:24 | Queue | Villager (Male) |
| 10:35 | Build | Farm |
| 10:38 | Build | Farm |
| 10:41 | Queue | Villager (Male) |
| 10:55 | Build | House |
| 11:13 | Research | Town Watch |
| 11:16 | Queue | Scout Cavalry |
| 11:21 | Research | Double-Bit Axe |
| 11:27 | Queue | Villager (Male) |
| 11:39 | Build | Farm |
| 11:46 | Queue | Villager (Male) |
| 11:59 | Queue | Villager (Male) |
| 12:21 | Research | Horse Collar |
| 12:26 | Queue | Scout Cavalry |
| 12:31 | Build | Farm |
| 12:44 | Queue | Villager (Male) |
| 12:46 | Queue | Scout Cavalry |
| 12:53 | Build | House |
| 13:19 | Build | Farm |
| 13:30 | Queue | Villager (Male) |
| 13:40 | Queue | Scout Cavalry |
| 13:54 | Build | Farm |
| 13:58 | Queue | Scout Cavalry |
| 14:11 | Queue | Villager (Male) |
| 14:13 | Build | Farm |
| 14:43 | Build | Stable |
| 14:45 | Build | Farm |
| 15:02 | Queue | Villager (Male) |
| 15:05 | Build | Farm |
| 15:07 | Build | House |
| 15:52 | Queue | Villager (Male) |
| 16:00 | Build | Farm |
| 16:02 | Build | Farm |
| 16:04 | Build | Farm |
| 16:14 | Build | Mining Camp |
| 16:14 | Queue | Villager (Male) |
| 16:17 | Build | Farm |
| 16:21 | Build | Farm |
| 16:42 | Queue | Villager (Male) |
| 16:45 | Build | Farm |
| 16:48 | Build | House |
| 17:23 | Queue | Villager (Male) |
| 17:32 | Build | Farm |
| 17:35 | Queue | Villager (Male) |
| 17:51 | Build | Blacksmith |
| 17:56 | Queue | Villager (Male) |
| 18:38 | Research | Castle Age |
| 18:52 | Research | Forging |
| 19:30 | Research | Bloodlines |
| 19:35 | Queue | Villager (Male) |
| 20:01 | Research | Scale Barding Armor |
| 21:18 | Age | Castle Age |
| 21:19 | Queue | Knight |
| 21:20 | Queue | Knight |
| 21:25 | Queue | Villager (Male) |
| 21:29 | Research | Chain Barding Armor |
| 21:49 | Research | Husbandry |
| 21:53 | Build | Town Center |
| 22:05 | Queue | Knight |
| 22:05 | Queue | Knight |
| 22:11 | Queue | Villager (Male) |
| 22:14 | Build | Town Center |
| 22:20 | Queue | Knight |
| 22:20 | Queue | Knight |
| 22:27 | Queue | Villager (Male) |
| 22:46 | Queue | Knight |
| 22:47 | Queue | Knight |
| 22:58 | Queue | Villager (Male) |
| 23:04 | Queue | Villager (Male) |
| 23:06 | Queue | Knight |
| 23:07 | Queue | Knight |
| 23:18 | Queue | Villager (Male) |
| 23:32 | Build | Farm |
| 23:34 | Build | Farm |
| 23:36 | Build | Farm |
| 23:38 | Build | Farm |
| 23:38 | Queue | Knight |
| 23:39 | Queue | Knight |
| 23:42 | Build | Farm |
| 23:44 | Build | Farm |
| 23:49 | Queue | Villager (Male) |
| 24:04 | Queue | Camel Scout |
| 24:05 | Queue | Camel Scout |
| 24:06 | Queue | Villager (Male) |
| 24:10 | Queue | Villager (Male) |
| 24:12 | Build | Farm |
| 24:15 | Build | Farm |
| 24:17 | Build | Farm |
| 24:19 | Queue | Villager (Male) |
| 24:20 | Queue | Villager (Male) |
| 24:27 | Queue | Camel Scout |
| 24:36 | Build | House |
| 24:42 | Build | House |
| 24:51 | Queue | Knight |
| 24:51 | Queue | Knight |
| 24:54 | Queue | Villager (Male) |
| 24:56 | Build | House |
| 25:06 | Queue | Camel Scout |
| 25:07 | Queue | Camel Scout |
| 25:08 | Queue | Villager (Male) |
| 25:30 | Queue | Knight |
| 25:35 | Build | House |
| 25:39 | Queue | Knight |
| 25:40 | Queue | Knight |
| 25:43 | Queue | Villager (Male) |
| 25:45 | Build | House |
| 25:45 | Build | House |
| 25:53 | Queue | Villager (Male) |
| 26:00 | Queue | Villager (Male) |
| 26:05 | Queue | Knight |
| 26:05 | Queue | Knight |
Build order — CTM | Franco*
First 150 of 341 actions detected
| 0:01 | Queue | Villager (Male) |
| 0:02 | Queue | Villager (Male) |
| 0:02 | Queue | Villager (Male) |
| 0:02 | Queue | Villager (Male) |
| 0:04 | Build | House |
| 0:06 | Build | House |
| 1:24 | Queue | Villager (Male) |
| 2:04 | Queue | Villager (Male) |
| 2:41 | Queue | Villager (Male) |
| 2:41 | Queue | Villager (Male) |
| 3:02 | Queue | Villager (Male) |
| 3:10 | Queue | Villager (Male) |
| 3:53 | Queue | Villager (Male) |
| 3:53 | Queue | Villager (Male) |
| 3:58 | Build | House |
| 4:00 | Build | House |
| 4:18 | Queue | Villager (Male) |
| 4:21 | Queue | Villager (Male) |
| 4:21 | Queue | Villager (Male) |
| 4:50 | Queue | Villager (Male) |
| 4:51 | Queue | Villager (Male) |
| 4:58 | Build | Mill |
| 5:06 | Queue | Villager (Male) |
| 5:54 | Queue | Villager (Male) |
| 6:07 | Queue | Villager (Male) |
| 6:33 | Build | Mining Camp |
| 6:53 | Queue | Villager (Male) |
| 6:57 | Queue | Villager (Male) |
| 7:41 | Build | Lumber Camp |
| 8:19 | Research | Feudal Age |
| 8:20 | Research | Loom |
| 10:29 | Age | Feudal Age |
| 10:54 | Build | Stable |
| 12:05 | Research | Castle Age |
| 12:34 | Queue | Scout Cavalry |
| 12:52 | Build | Farm |
| 12:53 | Build | Farm |
| 12:55 | Build | Farm |
| 13:17 | Research | Bloodlines |
| 14:20 | Build | House |
| 14:21 | Build | House |
| 14:35 | Queue | Villager (Male) |
| 14:45 | Age | Castle Age |
| 14:48 | Queue | Knight |
| 14:55 | Queue | Knight |
| 15:13 | Build | Siege Workshop |
| 15:18 | Build | Farm |
| 15:19 | Queue | Villager (Male) |
| 15:57 | Queue | Knight |
| 15:59 | Queue | Villager (Male) |
| 16:22 | Queue | Villager (Male) |
| 16:44 | Build | Farm |
| 16:51 | Queue | Knight |
| 17:03 | Build | House |
| 17:04 | Build | House |
| 17:14 | Queue | Scorpion |
| 17:19 | Queue | Villager (Male) |
| 17:22 | Build | Farm |
| 17:35 | Build | House |
| 17:45 | Build | Town Center |
| 18:11 | Build | Farm |
| 18:13 | Queue | Villager (Male) |
| 18:13 | Queue | Villager (Male) |
| 18:17 | Queue | Villager (Male) |
| 18:23 | Build | House |
| 18:24 | Build | House |
| 18:31 | Queue | Scorpion |
| 19:05 | Build | House |
| 19:06 | Build | House |
| 19:07 | Queue | Villager (Male) |
| 19:09 | Queue | Villager (Male) |
| 19:14 | Queue | Villager (Male) |
| 19:18 | Build | Farm |
| 19:32 | Queue | Villager (Male) |
| 19:34 | Queue | Villager (Male) |
| 19:38 | Build | Farm |
| 19:53 | Build | Farm |
| 20:02 | Build | Farm |
| 20:15 | Queue | Scorpion |
| 20:20 | Build | House |
| 20:21 | Build | House |
| 20:39 | Queue | Villager (Male) |
| 20:42 | Build | Farm |
| 20:43 | Queue | Villager (Male) |
| 20:47 | Build | House |
| 20:53 | Queue | Villager (Male) |
| 20:53 | Queue | Villager (Male) |
| 21:10 | Queue | Scorpion |
| 21:10 | Queue | Scorpion |
| 21:13 | Queue | Villager (Male) |
| 21:13 | Queue | Villager (Male) |
| 21:13 | Queue | Villager (Male) |
| 21:16 | Build | Farm |
| 21:25 | Build | House |
| 21:43 | Queue | Villager (Male) |
| 21:43 | Queue | Villager (Male) |
| 21:47 | Build | House |
| 21:49 | Build | House |
| 22:05 | Build | Farm |
| 22:10 | Queue | Villager (Male) |
| 22:10 | Queue | Villager (Male) |
| 22:11 | Queue | Villager (Male) |
| 22:11 | Queue | Villager (Male) |
| 22:12 | Queue | Villager (Male) |
| 22:30 | Build | Farm |
| 23:12 | Build | Outpost |
| 23:14 | Queue | Villager (Male) |
| 23:14 | Queue | Villager (Male) |
| 23:15 | Queue | Villager (Male) |
| 23:15 | Queue | Villager (Male) |
| 23:22 | Build | Mining Camp |
| 23:33 | Queue | Scorpion |
| 23:35 | Queue | Scorpion |
| 23:41 | Queue | Villager (Male) |
| 23:41 | Queue | Villager (Male) |
| 23:42 | Queue | Villager (Male) |
| 23:43 | Queue | Villager (Male) |
| 23:48 | Research | Horse Collar |
| 23:51 | Research | Double-Bit Axe |
| 23:58 | Queue | Villager (Male) |
| 24:18 | Build | Stone Wall |
| 24:26 | Queue | Villager (Male) |
| 24:26 | Queue | Villager (Male) |
| 24:27 | Queue | Villager (Male) |
| 24:40 | Research | Gold Mining |
| 25:03 | Build | Farm |
| 25:22 | Queue | Scorpion |
| 25:22 | Queue | Scorpion |
| 25:31 | Build | Town Center |
| 25:34 | Queue | Villager (Male) |
| 25:35 | Queue | Villager (Male) |
| 25:38 | Research | Bow Saw |
| 25:49 | Build | Farm |
| 25:59 | Research | Heavy Plow |
| 26:23 | Queue | Villager (Male) |
| 26:23 | Queue | Villager (Male) |
| 26:24 | Queue | Villager (Male) |
| 26:28 | Build | Monastery |
| 26:32 | Queue | Villager (Male) |
| 26:47 | Build | Siege Workshop |
| 26:50 | Build | Farm |
| 26:55 | Research | Stone Mining |
| 26:58 | Queue | Villager (Male) |
| 27:06 | Build | Town Center |
| 27:09 | Queue | Villager (Male) |
| 27:10 | Queue | Villager (Male) |
| 27:15 | Build | Farm |
| 27:28 | Queue | Villager (Male) |
| 27:33 | Build | Lumber Camp |
| 27:39 | Queue | Monk |
Build order — smbou
First 150 of 582 actions detected
| 0:01 | Queue | Villager (Male) |
| 0:01 | Queue | Villager (Male) |
| 0:03 | Build | House |
| 0:04 | Build | House |
| 0:07 | Queue | Villager (Male) |
| 0:09 | Queue | Villager (Male) |
| 1:23 | Queue | Villager (Male) |
| 1:24 | Queue | Villager (Male) |
| 2:04 | Queue | Villager (Male) |
| 2:05 | Queue | Villager (Male) |
| 2:17 | Queue | Villager (Male) |
| 2:18 | Queue | Villager (Male) |
| 2:57 | Queue | Villager (Male) |
| 2:58 | Queue | Villager (Male) |
| 3:06 | Queue | Villager (Male) |
| 3:07 | Queue | Villager (Male) |
| 3:10 | Build | Mill |
| 3:30 | Queue | Villager (Male) |
| 3:31 | Queue | Villager (Male) |
| 4:09 | Queue | Villager (Male) |
| 4:10 | Queue | Villager (Male) |
| 4:36 | Queue | Villager (Male) |
| 4:40 | Build | House |
| 4:43 | Research | Loom |
| 4:44 | Queue | Villager (Male) |
| 4:45 | Queue | Villager (Male) |
| 4:47 | Queue | Villager (Male) |
| 4:48 | Queue | Villager (Male) |
| 5:03 | Queue | Villager (Male) |
| 5:10 | Queue | Villager (Male) |
| 5:10 | Queue | Villager (Male) |
| 5:21 | Queue | Villager (Male) |
| 5:22 | Queue | Villager (Male) |
| 6:02 | Build | Lumber Camp |
| 6:05 | Queue | Villager (Male) |
| 6:06 | Queue | Villager (Male) |
| 6:07 | Queue | Villager (Male) |
| 6:07 | Queue | Villager (Male) |
| 6:13 | Queue | Villager (Male) |
| 6:14 | Queue | Villager (Male) |
| 6:23 | Queue | Villager (Male) |
| 6:23 | Queue | Villager (Male) |
| 6:35 | Queue | Villager (Male) |
| 6:50 | Build | House |
| 6:59 | Queue | Villager (Male) |
| 6:59 | Queue | Villager (Male) |
| 7:13 | Queue | Villager (Male) |
| 7:28 | Build | Mining Camp |
| 7:29 | Queue | Villager (Male) |
| 7:43 | Build | House |
| 7:45 | Build | Palisade Wall |
| 7:47 | Queue | Villager (Male) |
| 7:48 | Queue | Villager (Male) |
| 7:49 | Queue | Villager (Male) |
| 7:50 | Queue | Villager (Male) |
| 7:50 | Queue | Villager (Male) |
| 8:04 | Research | Feudal Age |
| 9:16 | Queue | Villager (Male) |
| 9:17 | Queue | Villager (Male) |
| 9:17 | Queue | Villager (Male) |
| 9:32 | Build | Barracks |
| 9:35 | Queue | Villager (Male) |
| 9:35 | Queue | Villager (Male) |
| 9:36 | Queue | Villager (Male) |
| 9:36 | Queue | Villager (Male) |
| 9:39 | Queue | Villager (Male) |
| 9:40 | Queue | Villager (Male) |
| 10:09 | Queue | Villager (Male) |
| 10:10 | Queue | Villager (Male) |
| 10:10 | Queue | Villager (Male) |
| 10:14 | Age | Feudal Age |
| 10:18 | Build | Archery Range |
| 10:23 | Queue | Villager (Male) |
| 10:23 | Queue | Villager (Male) |
| 10:25 | Research | Double-Bit Axe |
| 10:26 | Research | Double-Bit Axe |
| 10:37 | Queue | Spearman |
| 10:38 | Queue | Spearman |
| 10:47 | Queue | Villager (Male) |
| 10:48 | Queue | Villager (Male) |
| 10:57 | Queue | Villager (Male) |
| 10:58 | Queue | Villager (Male) |
| 10:58 | Queue | Villager (Male) |
| 11:17 | Build | Stable |
| 11:22 | Build | Archery Range |
| 11:27 | Queue | Villager (Male) |
| 11:28 | Queue | Villager (Male) |
| 11:29 | Queue | Villager (Male) |
| 11:29 | Queue | Villager (Male) |
| 11:37 | Queue | Archer |
| 11:38 | Queue | Archer |
| 11:39 | Queue | Villager (Male) |
| 11:39 | Queue | Villager (Male) |
| 11:47 | Queue | Villager (Male) |
| 11:55 | Build | House |
| 11:56 | Build | House |
| 11:57 | Queue | Archer |
| 11:57 | Queue | Archer |
| 12:02 | Queue | Villager (Male) |
| 12:02 | Queue | Villager (Male) |
| 12:03 | Queue | Villager (Male) |
| 12:15 | Queue | Archer |
| 12:15 | Queue | Archer |
| 12:15 | Queue | Archer |
| 12:15 | Queue | Archer |
| 12:21 | Queue | Villager (Male) |
| 12:22 | Queue | Villager (Male) |
| 12:22 | Queue | Villager (Male) |
| 12:30 | Queue | Villager (Male) |
| 12:30 | Queue | Villager (Male) |
| 12:30 | Queue | Villager (Male) |
| 12:31 | Queue | Villager (Male) |
| 12:44 | Build | House |
| 12:46 | Queue | Archer |
| 12:46 | Queue | Archer |
| 12:47 | Queue | Villager (Male) |
| 12:47 | Queue | Villager (Male) |
| 12:48 | Queue | Villager (Male) |
| 12:49 | Queue | Villager (Male) |
| 12:58 | Queue | Villager (Male) |
| 12:58 | Queue | Villager (Male) |
| 13:35 | Build | Blacksmith |
| 13:49 | Queue | Villager (Male) |
| 13:49 | Queue | Villager (Male) |
| 13:49 | Queue | Villager (Male) |
| 13:52 | Queue | Villager (Male) |
| 14:02 | Queue | Villager (Male) |
| 14:02 | Queue | Villager (Male) |
| 14:03 | Queue | Villager (Male) |
| 14:04 | Queue | Villager (Male) |
| 14:08 | Build | House |
| 14:11 | Research | Fletching |
| 14:13 | Queue | Villager (Male) |
| 14:13 | Queue | Villager (Male) |
| 14:21 | Queue | Villager (Male) |
| 14:22 | Queue | Villager (Male) |
| 14:24 | Queue | Archer |
| 14:25 | Queue | Archer |
| 14:26 | Queue | Villager (Male) |
| 14:26 | Queue | Villager (Male) |
| 14:40 | Queue | Archer |
| 14:40 | Queue | Archer |
| 14:56 | Build | House |
| 15:01 | Queue | Skirmisher |
| 15:01 | Queue | Skirmisher |
| 15:07 | Build | Farm |
| 15:07 | Build | Farm |
| 15:08 | Build | Farm |
| 15:08 | Build | Farm |
| 15:08 | Build | Farm |
Build order — [DM] Oso Tulon
First 150 of 420 actions detected
| 0:01 | Queue | Villager (Male) |
| 0:01 | Queue | Villager (Male) |
| 0:02 | Build | House |
| 0:04 | Build | House |
| 0:05 | Queue | Villager (Male) |
| 0:05 | Queue | Villager (Male) |
| 1:30 | Queue | Villager (Male) |
| 2:02 | Queue | Villager (Male) |
| 2:03 | Queue | Villager (Male) |
| 2:26 | Queue | Villager (Male) |
| 2:42 | Queue | Villager (Male) |
| 2:42 | Queue | Villager (Male) |
| 3:29 | Queue | Villager (Male) |
| 3:29 | Queue | Villager (Male) |
| 3:54 | Build | House |
| 4:09 | Queue | Villager (Male) |
| 4:09 | Queue | Villager (Male) |
| 4:26 | Build | Lumber Camp |
| 4:37 | Build | House |
| 4:50 | Queue | Villager (Male) |
| 4:50 | Queue | Villager (Male) |
| 4:51 | Queue | Villager (Male) |
| 4:52 | Queue | Villager (Male) |
| 4:53 | Queue | Villager (Male) |
| 4:57 | Build | House |
| 5:14 | Queue | Villager (Male) |
| 6:13 | Queue | Villager (Male) |
| 6:25 | Research | Loom |
| 6:54 | Build | Barracks |
| 7:50 | Queue | Villager (Male) |
| 8:02 | Build | Mining Camp |
| 8:30 | Research | Feudal Age |
| 8:52 | Queue | Militia |
| 8:52 | Queue | Militia |
| 8:58 | Build | Mill |
| 9:10 | Build | House |
| 10:15 | Queue | Villager (Male) |
| 10:27 | Build | Barracks |
| 10:30 | Queue | Villager (Male) |
| 10:40 | Age | Feudal Age |
| 10:41 | Queue | Militia |
| 10:56 | Queue | Villager (Male) |
| 10:59 | Build | Farm |
| 11:00 | Build | Farm |
| 11:16 | Build | Farm |
| 11:19 | Build | Farm |
| 11:32 | Build | Stone Wall |
| 11:35 | Queue | Villager (Male) |
| 12:03 | Queue | Villager (Male) |
| 12:11 | Build | Farm |
| 12:14 | Build | Farm |
| 12:17 | Queue | Spearman |
| 12:18 | Queue | Spearman |
| 12:28 | Queue | Villager (Male) |
| 12:41 | Build | Farm |
| 12:57 | Queue | Spearman |
| 12:59 | Queue | Villager (Male) |
| 13:09 | Queue | Villager (Male) |
| 13:23 | Build | Farm |
| 13:24 | Queue | Villager (Male) |
| 13:45 | Build | Stone Wall |
| 13:47 | Build | Farm |
| 13:48 | Queue | Villager (Male) |
| 13:57 | Queue | Villager (Male) |
| 14:12 | Build | Stone Wall |
| 14:19 | Build | Stone Wall |
| 14:24 | Queue | Militia ×2 |
| 14:27 | Research | Man-at-Arms (upgrade) |
| 14:27 | Research | Man-at-Arms (upgrade) |
| 14:30 | Build | House |
| 14:34 | Build | House |
| 14:48 | Queue | Militia ×2 |
| 14:51 | Build | Stone Wall |
| 14:55 | Build | Stone Wall |
| 15:00 | Build | House |
| 15:08 | Research | Double-Bit Axe |
| 15:08 | Research | Double-Bit Axe |
| 15:17 | Queue | Militia |
| 15:26 | Build | Stone Wall |
| 15:31 | Queue | Militia |
| 15:33 | Build | House |
| 15:41 | Build | Farm |
| 15:42 | Queue | Villager (Male) |
| 15:42 | Queue | Villager (Male) |
| 15:59 | Queue | Villager (Male) |
| 15:59 | Queue | Villager (Male) |
| 16:01 | Build | Farm |
| 16:05 | Build | Farm |
| 16:20 | Queue | Villager (Male) |
| 16:28 | Queue | Spearman |
| 16:35 | Queue | Spearman |
| 16:46 | Queue | Spearman |
| 16:59 | Queue | Spearman ×2 |
| 17:03 | Build | Farm |
| 17:09 | Build | Farm |
| 17:14 | Queue | Villager (Male) |
| 17:21 | Build | Farm |
| 17:34 | Build | Farm |
| 17:35 | Queue | Villager (Male) |
| 18:00 | Build | Mining Camp |
| 18:16 | Build | Stone Wall |
| 18:19 | Queue | Villager (Male) |
| 18:20 | Queue | Villager (Male) |
| 18:23 | Build | Stone Wall |
| 18:33 | Queue | Villager (Male) |
| 18:41 | Build | Stone Wall |
| 18:50 | Queue | Spearman |
| 18:50 | Queue | Spearman |
| 18:50 | Queue | Spearman |
| 18:53 | Queue | Villager (Male) |
| 18:56 | Build | Stone Wall |
| 19:04 | Research | Wheelbarrow |
| 19:15 | Build | Stone Wall |
| 19:35 | Build | Stone Wall |
| 19:44 | Build | Stone Wall |
| 19:52 | Build | Stone Wall |
| 19:54 | Build | Stone Wall |
| 19:56 | Build | Stone Wall |
| 20:36 | Build | Stone Wall |
| 20:41 | Build | Stone Wall |
| 20:47 | Build | Market |
| 21:16 | Build | Stone Wall |
| 21:23 | Build | Stone Wall |
| 21:26 | Build | Stone Wall |
| 21:36 | Queue | Villager (Male) |
| 21:37 | Queue | Villager (Male) |
| 21:47 | Build | Blacksmith |
| 21:51 | Build | Stone Wall |
| 22:21 | Research | Castle Age |
| 22:39 | Research | Scale Mail Armor |
| 22:40 | Research | Scale Mail Armor |
| 22:45 | Build | Mining Camp |
| 22:51 | Research | Horse Collar |
| 22:59 | Research | Gold Mining |
| 22:59 | Research | Gold Mining |
| 23:11 | Research | Stone Mining |
| 23:11 | Research | Stone Mining |
| 23:28 | Queue | Spearman |
| 23:29 | Queue | Spearman |
| 23:29 | Queue | Spearman |
| 23:30 | Queue | Spearman |
| 23:57 | Research | Forging |
| 23:57 | Research | Forging |
| 24:01 | Research | Town Watch |
| 24:09 | Build | Outpost |
| 24:48 | Build | Outpost |
| 25:06 | Age | Castle Age |
| 25:11 | Research | Pikeman (upgrade) |
| 25:13 | Queue | Villager (Male) |
| 25:15 | Research | Bow Saw |
Build order — CTM | SUNYQ
First 150 of 368 actions detected
| 0:02 | Queue | Villager (Male) ×4 |
| 0:05 | Build | House |
| 0:07 | Build | House |
| 1:17 | Queue | Villager (Male) |
| 1:50 | Queue | Villager (Male) |
| 2:39 | Queue | Villager (Male) |
| 2:39 | Queue | Villager (Male) |
| 3:13 | Build | Mill |
| 3:25 | Queue | Villager (Male) |
| 3:25 | Queue | Villager (Male) |
| 3:25 | Queue | Villager (Male) |
| 3:41 | Build | House |
| 3:42 | Build | House |
| 3:45 | Build | House |
| 3:47 | Build | Palisade Wall |
| 4:12 | Queue | Villager (Male) |
| 4:42 | Queue | Villager (Male) |
| 5:02 | Queue | Villager (Male) |
| 5:26 | Queue | Villager (Male) |
| 5:55 | Build | Lumber Camp |
| 6:22 | Research | Loom |
| 6:54 | Queue | Villager (Male) |
| 7:19 | Research | Feudal Age |
| 7:37 | Build | Mining Camp |
| 8:39 | Build | Barracks |
| 8:43 | Queue | Villager (Male) |
| 8:43 | Queue | Villager (Male) |
| 9:07 | Build | Palisade Wall |
| 9:29 | Age | Feudal Age |
| 9:46 | Build | Archery Range |
| 9:52 | Queue | Villager (Male) |
| 10:10 | Build | Palisade Wall |
| 10:24 | Queue | Villager (Male) |
| 10:28 | Queue | Archer |
| 10:28 | Queue | Archer |
| 11:03 | Build | Archery Range |
| 11:08 | Queue | Villager (Male) |
| 11:25 | Build | House |
| 11:40 | Queue | Archer |
| 11:46 | Queue | Villager (Male) |
| 11:46 | Queue | Villager (Male) |
| 11:56 | Build | Stone Wall |
| 11:59 | Queue | Archer |
| 11:59 | Queue | Archer |
| 12:14 | Queue | Archer |
| 12:15 | Queue | Villager (Male) |
| 12:44 | Queue | Archer |
| 12:44 | Queue | Archer |
| 12:59 | Queue | Villager (Male) |
| 13:00 | Queue | Villager (Male) |
| 13:12 | Build | Stone Wall |
| 13:24 | Build | House |
| 13:48 | Queue | Archer |
| 13:48 | Queue | Archer |
| 13:58 | Queue | Villager (Male) |
| 14:17 | Build | House |
| 14:19 | Queue | Villager (Male) |
| 14:22 | Queue | Archer |
| 14:22 | Queue | Archer |
| 14:44 | Build | Blacksmith |
| 14:47 | Build | Farm |
| 14:47 | Build | Farm |
| 14:47 | Build | Farm |
| 14:48 | Build | Farm |
| 14:49 | Build | Farm |
| 14:59 | Queue | Archer |
| 14:59 | Queue | Archer |
| 15:07 | Build | House |
| 15:09 | Build | House |
| 15:41 | Research | Fletching |
| 16:03 | Build | Palisade Gate |
| 16:10 | Build | Palisade Wall |
| 16:16 | Queue | Villager (Male) |
| 16:17 | Queue | Villager (Male) |
| 16:17 | Queue | Villager (Male) |
| 16:21 | Build | House |
| 16:45 | Build | Lumber Camp |
| 16:59 | Build | Palisade Wall |
| 17:06 | Queue | Villager (Male) |
| 17:10 | Build | Farm |
| 17:13 | Build | Farm |
| 17:26 | Queue | Archer |
| 17:26 | Queue | Archer |
| 17:42 | Build | Farm |
| 17:46 | Queue | Villager (Male) |
| 18:16 | Research | Town Watch |
| 18:27 | Build | Palisade Wall |
| 18:36 | Queue | Archer |
| 18:36 | Queue | Archer |
| 19:04 | Queue | Villager (Male) |
| 19:06 | Build | Farm |
| 19:06 | Build | Farm |
| 19:06 | Build | Farm |
| 19:06 | Build | Farm |
| 19:07 | Build | Farm |
| 19:08 | Build | Farm |
| 19:08 | Build | Farm |
| 19:28 | Queue | Villager (Male) |
| 19:32 | Build | Farm |
| 19:34 | Queue | Archer |
| 19:34 | Queue | Archer |
| 19:41 | Build | Farm |
| 19:58 | Build | Farm |
| 19:59 | Queue | Villager (Male) |
| 20:03 | Queue | Villager (Male) |
| 20:15 | Queue | Archer |
| 20:15 | Queue | Archer |
| 20:30 | Research | Castle Age |
| 20:30 | Research | Castle Age |
| 20:41 | Build | Mining Camp |
| 20:53 | Build | House |
| 20:53 | Build | House |
| 20:59 | Build | House |
| 21:04 | Build | Lumber Camp |
| 21:12 | Queue | Archer |
| 21:12 | Queue | Archer |
| 21:21 | Queue | Archer |
| 22:04 | Research | Gold Mining |
| 22:04 | Research | Stone Mining |
| 22:15 | Research | Double-Bit Axe |
| 22:24 | Queue | Archer |
| 22:24 | Queue | Archer |
| 23:10 | Age | Castle Age |
| 23:10 | Research | Bodkin Arrow |
| 23:24 | Research | Thumb Ring |
| 23:26 | Queue | Villager (Male) |
| 23:26 | Queue | Villager (Male) |
| 23:26 | Queue | Villager (Male) |
| 23:52 | Queue | Villager (Male) |
| 23:57 | Queue | Villager (Male) |
| 23:57 | Queue | Villager (Male) |
| 24:21 | Queue | Villager (Male) |
| 24:21 | Queue | Villager (Male) |
| 24:39 | Research | Crossbowman (upgrade) |
| 24:43 | Queue | Archer |
| 24:43 | Queue | Archer |
| 24:50 | Queue | Archer |
| 25:34 | Queue | Villager (Male) |
| 25:34 | Queue | Villager (Male) |
| 25:40 | Build | Town Center |
| 25:53 | Build | House |
| 25:54 | Build | House |
| 25:55 | Build | House |
| 26:04 | Research | Wheelbarrow |
| 26:24 | Queue | Villager (Male) |
| 26:24 | Queue | Villager (Male) |
| 27:30 | Queue | Villager (Male) ×5 |
| 28:21 | Build | Siege Workshop |
| 28:35 | Build | Castle |
| 28:49 | Queue | Archer |
Match timeline
| 2:49 | PSX | King · wall_segment Palisade Wall x14 |
| 3:39 | PSX | King · wall_segment Palisade Wall x4 |
| 3:47 | CTM | SUNYQ · wall_segment Palisade Wall x4 |
| 3:58 | PSX | King · wall_segment Palisade Wall x7 |
| 4:20 | PSX | King · wall_segment Palisade Wall x5 |
| 4:52 | PSX | King · wall_segment Palisade Wall x8 |
| 6:17 | PSX | King · wall_segment Palisade Wall x5 |
| 6:54 | [DM] Oso Tulon · first_building Barracks |
| 7:04 | PSX | King · wall_segment Palisade Wall x14 |
| 7:45 | smbou · wall_segment Palisade Wall x9 |
| 7:59 | [DM] XD · first_building Barracks |
| 8:32 | Nenji · first_building Barracks |
| 8:39 | CTM | SUNYQ · first_building Barracks |
| 8:41 | PSX | King · wall_segment Palisade Wall x9 |
| 8:47 | PSX | King · wall_segment Palisade Wall x15 |
| 9:07 | CTM | SUNYQ · wall_segment Palisade Wall x6 |
| 9:11 | [DM] XD · age_up feudal |
| 9:19 | [DM] XD · first_building Stable |
| 9:29 | CTM | SUNYQ · age_up feudal |
| 9:32 | PSX | King · wall_segment Palisade Wall x15 |
| 9:32 | smbou · first_building Barracks |
| 9:35 | PSX | King · wall_segment Palisade Wall x10 |
| 9:46 | CTM | SUNYQ · first_building Archery Range |
| 9:47 | PSX | King · wall_segment Palisade Wall x1 |
| 9:48 | PSX | King · wall_segment Palisade Wall x1 |
| 9:50 | PSX | King · wall_segment Palisade Wall x1 |
| 9:54 | PSX | King · wall_segment Palisade Wall x1 |
| 9:56 | PSX | King · wall_segment Palisade Wall x1 |
| 10:06 | Nenji · age_up feudal |
| 10:06 | PSX | King · wall_segment Palisade Wall x1 |
| 10:09 | Dr. House · age_up feudal |
| 10:10 | CTM | SUNYQ · wall_segment Palisade Wall x5 |
| 10:11 | Nenji · first_building Stable |
| 10:11 | PSX | King · wall_segment Palisade Wall x1 |
| 10:13 | PSX | King · wall_segment Palisade Wall x1 |
| 10:14 | smbou · age_up feudal |
| 10:15 | PSX | King · wall_segment Palisade Wall x1 |
| 10:18 | smbou · first_building Archery Range |
| 10:29 | CTM | Franco* · age_up feudal |
| 10:38 | PSX | King · wall_segment Palisade Wall x5 |
| 10:40 | [DM] Oso Tulon · age_up feudal |
| 10:41 | PSX | King · wall_segment Palisade Wall x7 |
| 10:54 | CTM | Franco* · first_building Stable |
| 11:17 | smbou · first_building Stable |
| 11:32 | [DM] Oso Tulon · wall_segment Stone Wall x4 |
| 11:56 | CTM | SUNYQ · wall_segment Stone Wall x12 |
| 12:14 | PSX | King · wall_segment Palisade Wall x15 |
| 12:36 | PSX | King · age_up feudal |
| 12:43 | PSX | King · wall_segment Stone Wall x1 |
| 12:53 | PSX | King · wall_segment Stone Wall x1 |
| 12:54 | PSX | King · wall_segment Palisade Wall x1 |
| 13:01 | PSX | King · wall_segment Palisade Wall x1 |
| 13:02 | Dr. House · first_building Barracks |
| 13:12 | CTM | SUNYQ · wall_segment Stone Wall x9 |
| 13:44 | PSX | King · wall_segment Stone Wall x1 |
| 13:44 | PSX | King · wall_segment Stone Wall x1 |
| 13:45 | [DM] Oso Tulon · wall_segment Stone Wall x4 |
| 14:12 | [DM] Oso Tulon · wall_segment Stone Wall x3 |
| 14:17 | PSX | King · wall_segment Stone Wall x9 |
| 14:19 | [DM] Oso Tulon · wall_segment Stone Wall x4 |
| 14:21 | PSX | King · wall_segment Stone Wall x13 |
| 14:45 | CTM | Franco* · age_up castle |
| 14:51 | [DM] Oso Tulon · wall_segment Stone Wall x1 |
| 14:53 | PSX | King · wall_segment Stone Wall x15 |
| 14:55 | [DM] Oso Tulon · wall_segment Stone Wall x2 |
| 14:59 | PSX | King · wall_segment Stone Wall x1 |
| 15:07 | PSX | King · wall_segment Stone Wall x1 |
| 15:13 | CTM | Franco* · first_building Siege Workshop |
| 15:26 | [DM] Oso Tulon · wall_segment Stone Wall x10 |
| 15:34 | PSX | King · wall_segment Stone Wall x9 |
| 15:57 | PSX | King · wall_segment Stone Wall x1 |
| 15:59 | smbou · wall_segment Palisade Wall x10 |
| 16:03 | PSX | King · wall_segment Stone Wall x1 |
| 16:04 | PSX | King · wall_segment Stone Wall x1 |
| 16:07 | PSX | King · wall_segment Stone Wall x1 |
| 16:09 | Dr. House · first_building Stable |
| 16:10 | CTM | SUNYQ · wall_segment Palisade Wall x6 |
| 16:12 | PSX | King · wall_segment Stone Wall x4 |
| 16:26 | PSX | King · wall_segment Stone Wall x6 |
| 16:41 | PSX | King · wall_segment Stone Wall x1 |
| 16:59 | CTM | SUNYQ · wall_segment Palisade Wall x13 |
| 17:38 | PSX | King · wall_segment Stone Wall x7 |
| 17:44 | PSX | King · wall_segment Stone Wall x5 |
| 18:16 | [DM] Oso Tulon · wall_segment Stone Wall x6 |
| 18:23 | [DM] Oso Tulon · wall_segment Stone Wall x3 |
| 18:27 | CTM | SUNYQ · wall_segment Palisade Wall x13 |
| 18:41 | [DM] Oso Tulon · wall_segment Stone Wall x1 |
| 18:56 | [DM] Oso Tulon · wall_segment Stone Wall x1 |
| 19:01 | smbou · wall_segment Palisade Wall x1 |
| 19:15 | [DM] Oso Tulon · wall_segment Stone Wall x3 |
| 19:35 | [DM] Oso Tulon · wall_segment Stone Wall x4 |
| 19:44 | [DM] Oso Tulon · wall_segment Stone Wall x2 |
| 19:52 | [DM] Oso Tulon · wall_segment Stone Wall x1 |
| 19:54 | [DM] Oso Tulon · wall_segment Stone Wall x1 |
| 19:56 | [DM] Oso Tulon · wall_segment Stone Wall x1 |
| 20:20 | Dr. House · first_building Siege Workshop |
| 20:36 | [DM] Oso Tulon · wall_segment Stone Wall x1 |
| 20:41 | [DM] Oso Tulon · wall_segment Stone Wall x3 |
| 20:57 | Nenji · first_market_sell 100 wood |
| 21:00 | Nenji · first_market_buy 100 food |
| 21:16 | [DM] Oso Tulon · wall_segment Stone Wall x1 |
| 21:17 | Dr. House · age_up castle |
| 21:17 | PSX | King · first_market_buy 100 wood |
| 21:18 | [DM] XD · age_up castle |
| 21:23 | [DM] Oso Tulon · wall_segment Stone Wall x1 |
| 21:26 | [DM] Oso Tulon · wall_segment Stone Wall x1 |
| 21:51 | [DM] Oso Tulon · wall_segment Stone Wall x1 |
| 22:07 | Dr. House · first_market_sell 100 food |
| 22:08 | Dr. House · first_market_buy 100 wood |
| 23:06 | PSX | King · age_up castle |
| 23:08 | PSX | King · first_building Siege Workshop |
| 23:10 | CTM | SUNYQ · age_up castle |
| 23:15 | smbou · first_market_sell 100 stone |
| 23:17 | smbou · first_market_buy 100 food |
| 23:33 | PSX | King · wall_segment Stone Wall x13 |
| 23:36 | PSX | King · wall_segment Stone Wall x12 |
| 23:39 | smbou · wall_segment Stone Wall x9 |
| 24:01 | Nenji · age_up castle |
| 24:18 | CTM | Franco* · wall_segment Stone Wall x7 |
| 24:19 | PSX | King · first_building Castle |
| 24:45 | [DM] Oso Tulon · first_market_buy 100 stone |
| 25:06 | [DM] Oso Tulon · age_up castle |
| 25:29 | [DM] Oso Tulon · first_building Siege Workshop |
| 25:36 | PSX | King · wall_segment Stone Wall x3 |
| 25:48 | PSX | King · wall_segment Stone Wall x14 |
| 25:57 | [DM] Oso Tulon · first_building Monastery |
| 26:06 | smbou · age_up castle |
| 26:28 | CTM | Franco* · first_building Monastery |
| 27:02 | [DM] Oso Tulon · first_building Castle |
| 27:20 | Dr. House · first_building Castle |
| 27:36 | PSX | King · wall_segment Stone Wall x1 |
| 27:41 | PSX | King · wall_segment Stone Wall x6 |
| 27:46 | PSX | King · wall_segment Stone Wall x3 |
| 27:49 | PSX | King · wall_segment Stone Wall x4 |
| 27:52 | PSX | King · wall_segment Stone Wall x10 |
| 28:00 | Dr. House · first_building Monastery |
| 28:21 | CTM | SUNYQ · first_building Siege Workshop |
| 28:35 | CTM | SUNYQ · first_building Castle |
| 30:53 | [DM] Oso Tulon · first_market_sell 500 stone |
| 31:23 | smbou · wall_segment Stone Wall x12 |
| 31:37 | PSX | King · first_building Barracks |
| 31:47 | Dr. House · age_up imperial |
| 32:18 | CTM | Franco* · wall_segment Stone Wall x23 |
| 33:01 | [DM] Oso Tulon · wall_segment Stone Wall x3 |
| 33:07 | PSX | King · first_building Stable |
| 33:26 | CTM | Franco* · first_building Castle |
| 33:32 | smbou · tribute_sent a jugador 1 |
| 33:32 | smbou · tribute_sent a jugador 2 |
| 33:32 | smbou · tribute_sent a jugador 3 |
| 33:32 | smbou · tribute_sent a jugador 4 |
| 33:32 | smbou · tribute_sent a jugador 6 |
| 33:32 | smbou · tribute_sent a jugador 7 |
| 33:32 | smbou · tribute_sent a jugador 8 |
| 33:37 | Dr. House · tribute_sent a jugador 2 |
| 33:37 | Dr. House · tribute_sent a jugador 3 |
| 33:37 | Dr. House · tribute_sent a jugador 4 |
| 33:37 | Dr. House · tribute_sent a jugador 5 |
| 33:37 | Dr. House · tribute_sent a jugador 6 |
| 33:37 | Dr. House · tribute_sent a jugador 7 |
| 33:37 | Dr. House · tribute_sent a jugador 8 |
| 34:24 | smbou · first_building Castle |
| 34:32 | [DM] Oso Tulon · age_up imperial |
| 34:59 | smbou · wall_segment Stone Wall x10 |
| 35:08 | [DM] Oso Tulon · wall_segment Stone Wall x6 |
| 35:12 | [DM] Oso Tulon · wall_segment Stone Wall x3 |
| 35:13 | CTM | SUNYQ · age_up imperial |
| 35:29 | smbou · wall_segment Stone Wall x20 |
| 36:21 | [DM] XD · first_building Monastery |
| 36:34 | smbou · first_building Monastery |
| 37:06 | CTM | Franco* · age_up imperial |
| 37:18 | PSX | King · first_market_sell 500 wood |
| 37:40 | PSX | King · wall_segment Stone Wall x7 |
| 37:45 | PSX | King · wall_segment Stone Wall x9 |
| 39:20 | Nenji · first_building Monastery |
| 39:35 | CTM | Franco* · first_market_sell 500 food |
| 40:01 | CTM | SUNYQ · wall_segment Stone Wall x4 |
| 40:05 | [DM] XD · age_up imperial |
| 40:17 | PSX | King · wall_segment Stone Wall x6 |
| 40:39 | PSX | King · age_up imperial |
| 43:29 | [DM] XD · first_building Castle |
| 43:45 | CTM | SUNYQ · wall_segment Stone Wall x2 |
| 43:55 | Nenji · age_up imperial |
| 44:29 | CTM | SUNYQ · wall_segment Stone Wall x6 |
| 45:21 | CTM | SUNYQ · wall_segment Stone Wall x1 |
| 45:26 | CTM | SUNYQ · wall_segment Stone Wall x2 |
| 46:00 | PSX | King · wall_segment Stone Wall x1 |
| 47:05 | smbou · first_building Siege Workshop |
| 47:36 | PSX | King · wall_segment Stone Wall x1 |
| 48:09 | Nenji · first_building Castle |
| 48:09 | smbou · wall_segment Stone Wall x31 |
| 48:31 | [DM] XD · first_market_sell 100 food |
| 49:37 | [DM] Oso Tulon · wall_segment Stone Wall x1 |
| 50:30 | smbou · age_up imperial |
| 51:59 | PSX | King · first_building Archery Range |
| 52:08 | [DM] Oso Tulon · wall_segment Stone Wall x1 |
| 52:10 | [DM] Oso Tulon · wall_segment Stone Wall x2 |
| 52:39 | Dr. House · wall_segment Palisade Wall x9 |
| 53:31 | [DM] XD · resign |
| 53:34 | Dr. House · wall_segment Palisade Wall x9 |
[ AI ANALYSIS · 1 CREDIT ]
What really happened in this match?
Wolo.gg analyzes every decision: build order, eco, micro, common mistakes by bracket. Personalized analysis on WhatsApp or Discord in 30 seconds.
Civ guide
Mongols
Perfil
Jugador #9733677